| TOP OF THE 1ST |
|
Princeton Rays batting - Pitching for Detroit (APP) Tigers : RHP Mike Valdivia
|
|
Pitching: RHP Mike Valdivia
|
|
|
Batting: LHB Jonathan Spino
|
0-0: Called Strike 0-1: Swinging Strike 0-2: Strikes out swinging
|
|
Batting: SHB Joshua Jackson
|
0-0: Ball 1-0: Ball 2-0: Swinging Strike 2-1: Ball 3-1: Base on Balls
|
|
Batting: RHB Alex Diaz
|
0-0: Foul Ball, location: 2F 0-1: Ball 1-1: Called Strike 1-2: Ball 2-2: Ball 3-2: Fielders Choice at 2nd, 4-6 (Groundball, 13, EV 81.9 MPH)
|
|
Batting: LHB Rich Matthews
|
0-0: Called Strike 0-1: Foul Ball, location: 2F 0-2: Ball 1-2: Ball 2-2: Foul Ball, location: 2F 2-2: Ball 3-2: Base on Balls Alex Diaz to second
|
|
Batting: RHB John Downing
|
0-0: Ball 1-0: Ball 2-0: Ball 3-0: Called Strike 3-1: SINGLE (Groundball, 6, EV 106.2 MPH) Alex Diaz to third Rich Matthews to second Runner from 3rd tries for Home, SAFE, throw by CF to home
|
|
Pitching: RHP Alvaro Patino
|
|
|
Batting: LHB Sean Banks
|
0-0: Ball 1-0: Ball 2-0: Ball 3-0: Called Strike 3-1: Base on Balls Rich Matthews to third John Downing to second
|
|
Batting: RHB Roberto Aispuro
|
0-0: Ball 1-0: Foul Ball, location: 2F 1-1: DOUBLE (Line Drive, 9LM, EV 103.8 MPH) Rich Matthews scores John Downing scores Sean Banks to third Runner from 3rd tries for Home, SAFE, throw by RF to home
|
|
Batting: RHB Jim Erdody
|
0-0: Ball 1-0: Foul Ball, location: 2F 1-1: SINGLE (Groundball, 4MD, EV 95.0 MPH) Roberto Aispuro to third Runner from 3rd tries for Home, SAFE, throw by CF to home Jim Erdody to second
|
|
Batting: LHB Oscar Curiel
|
0-0: Fly out, F8 (Flyball, 8LM, EV 93.8 MPH)
|
| Top of the 1st over - 5 runs, 3 hits, 0 errors, 1 left on base; Princeton 5 - Detroit (APP) 0 |
| BOTTOM OF THE 1ST |
|
Detroit (APP) Tigers batting - Pitching for Princeton Rays : RHP Robin Pick
|
|
Pitching: RHP Robin Pick
|
|
|
Batting: LHB Dave Carlisle
|
0-0: Ball 1-0: Swinging Strike 1-1: Foul Ball, location: 2F 1-2: Ball 2-2: Strikes out swinging
|
|
Batting: RHB Nate Dabney
|
0-0: Ball 1-0: Ball 2-0: Called Strike 2-1: Foul Ball, location: 2F 2-2: Ball 3-2: SOLO HOME RUN (Flyball, 7D, EV 94.4 MPH), Distance : 361 ft
|
|
Batting: LHB Afanasy Zasekin
|
0-0: Called Strike 0-1: Ball 1-1: Foul Ball, location: 2F 1-2: Foul Ball, location: 2F 1-2: Strikes out swinging
|
|
Batting: LHB Isao Fukui
|
0-0: Fly out, F7 (Flyball, 7, EV 93.1 MPH)
|
| Bottom of the 1st over - 1 run, 1 hit, 0 errors, 0 left on base; Princeton 5 - Detroit (APP) 1 |
| TOP OF THE 2ND |
|
Princeton Rays batting - Pitching for Detroit (APP) Tigers : RHP Alvaro Patino
|
|
Batting: LHB Jonathan Spino
|
0-0: Foul Ball, location: 2F 0-1: Foul Ball, location: 2F 0-2: Strikes out swinging
|
|
Batting: SHB Joshua Jackson
|
0-0: Ball 1-0: Foul Ball, location: 2F 1-1: Ball 2-1: Foul Ball, location: 2F 2-2: Ball 3-2: Base on Balls
|
|
Pitching: RHP Mike Santana
|
|
|
Batting: RHB Alex Diaz
|
0-0: Called Strike 0-1: Swinging Strike 0-2: Strikes out swinging Joshua Jackson steals 2nd base Batter strikes out.
|
|
Batting: LHB Rich Matthews
|
0-0: Foul Ball, location: 2F 0-1: Swinging Strike 0-2: Foul Ball, location: 2F 0-2: Ball Wild Pitch! Joshua Jackson to third 1-2: Ball 2-2: Strikes out swinging
|
| Top of the 2nd over - 0 runs, 0 hits, 0 errors, 1 left on base; Princeton 5 - Detroit (APP) 1 |
| BOTTOM OF THE 2ND |
|
Detroit (APP) Tigers batting - Pitching for Princeton Rays : RHP Robin Pick
|
|
Batting: RHB Juan Acero
|
0-0: Foul Ball, location: 2F 0-1: Foul Ball, location: 2F 0-2: Strikes out swinging
|
|
Batting: SHB Jean-Luc Legros
|
0-0: Ball 1-0: Called Strike 1-1: Ball 2-1: Ball 3-1: Called Strike 3-2: Strikes out swinging
|
|
Batting: RHB Yankel Pensak
|
0-0: Reached via error on a dropped throw from 1B, E1 (Groundball, 34, EV 82.5 MPH)
|
|
Batting: LHB Timotheus Young
|
0-0: SINGLE (Line Drive, 78M, EV 94.4 MPH) Yankel Pensak to second Runner from 2nd tries for 3rd, SAFE, throw by LF made to third
|
|
Batting: RHB Adam Fisher
|
0-0: Fly out, F3 (Popup, 3S, EV 70.6 MPH)
|
| Bottom of the 2nd over - 0 runs, 1 hit, 1 error, 2 left on base; Princeton 5 - Detroit (APP) 1 |
| TOP OF THE 3RD |
|
Princeton Rays batting - Pitching for Detroit (APP) Tigers : RHP Mike Santana
|
|
Batting: RHB John Downing
|
0-0: Ball 1-0: Ground out 6-3 (Groundball, 6, EV 85.0 MPH)
|
|
Batting: LHB Sean Banks
|
0-0: Ball 1-0: Ball 2-0: Swinging Strike 2-1: Ball 3-1: Called Strike 3-2: DOUBLE (Line Drive, 78D, EV 103.1 MPH)
|
|
Batting: RHB Roberto Aispuro
|
0-0: Foul Ball, location: 2F 0-1: Foul Ball, location: 2F 0-2: Strikes out swinging passed ball, reaches first! Sean Banks to third
|
|
Pitching: RHP Matt Haberle
|
|
|
Batting: RHB Jim Erdody
|
0-0: Ball Roberto Aispuro steals 2nd, throwing error, E2 Sean Banks scores Roberto Aispuro to third 1-0: Foul Ball, location: 2F 1-1: Foul Ball, location: 2F 1-2: Foul Ball, location: 2F 1-2: SINGLE (Line Drive, 4D, EV 99.4 MPH) Roberto Aispuro scores
|
|
Batting: LHB Oscar Curiel
|
0-0: Ball 1-0: Foul Ball, location: 2F 1-1: Called Strike 1-2: Hit by Pitch Jim Erdody to second
|
|
Batting: LHB Jonathan Spino
|
0-0: Ball 1-0: Foul Ball, location: 2F 1-1: Ball 2-1: Foul Ball, location: 2F 2-2: Foul Ball, location: 2F 2-2: Strikes out swinging
|
|
Batting: SHB Joshua Jackson
|
0-0: Called Strike 0-1: Called Strike 0-2: Strikes out swinging
|
| Top of the 3rd over - 2 runs, 2 hits, 1 error, 2 left on base; Princeton 7 - Detroit (APP) 1 |
| BOTTOM OF THE 3RD |
|
Detroit (APP) Tigers batting - Pitching for Princeton Rays : RHP Robin Pick
|
|
Batting: LHB Dave Carlisle
|
0-0: Ball 1-0: Ball 2-0: Called Strike 2-1: Ball 3-1: Base on Balls
|
|
Batting: RHB Nate Dabney
|
0-0: Ball 1-0: Swinging Strike 1-1: Swinging Strike 1-2: Ball 2-2: Fielders Choice at 2nd, 1-6 (Groundball, 13S, EV 68.8 MPH)
|
|
Batting: LHB Afanasy Zasekin
|
0-0: Ball 1-0: Swinging Strike 1-1: Called Strike 1-2: Foul Ball, location: 2F 1-2: Ball 2-2: Ball 3-2: Foul Ball, location: 2F 3-2: Foul Ball, location: 2F 3-2: Base on Balls Nate Dabney to second
|
|
Batting: LHB Isao Fukui
|
0-0: Foul Ball, location: 2F 0-1: Foul Ball, location: 2F 0-2: Foul Ball, location: 2F 0-2: Ball 1-2: Ball 2-2: Fielders Choice at 2nd, 3-6 (Groundball, 3, EV 88.8 MPH) Nate Dabney to third
|
|
Batting: RHB Juan Acero
|
0-0: Called Strike 0-1: Swinging Strike 0-2: Ball 1-2: Strikes out swinging
|
| Bottom of the 3rd over - 0 runs, 0 hits, 0 errors, 2 left on base; Princeton 7 - Detroit (APP) 1 |
| TOP OF THE 4TH |
|
Princeton Rays batting - Pitching for Detroit (APP) Tigers : RHP Matt Haberle
|
|
Pitching: RHP Malcolm Holz
|
|
|
Batting: RHB Alex Diaz
|
0-0: Called Strike 0-1: Ball 1-1: Ball 2-1: Ball 3-1: Swinging Strike 3-2: Base on Balls
|
|
Batting: LHB Rich Matthews
|
0-0: Swinging Strike 0-1: Ball 1-1: Ball 2-1: Called Strike Alex Diaz steals 2nd base 2-2: Foul Ball, location: 2F 2-2: Ball 3-2: Base on Balls
|
|
Batting: RHB John Downing
|
0-0: Foul Ball, location: 2F 0-1: 3-RUN HOME RUN (Flyball, 7D, EV 100.0 MPH), Distance : 381 ft
|
|
Batting: LHB Sean Banks
|
0-0: SOLO HOME RUN (Flyball, 9D, EV 99.4 MPH), Distance : 378 ft
|
|
Pitching: RHP Yasutaka Yamasaki
|
|
|
Batting: RHB Roberto Aispuro
|
0-0: Called Strike 0-1: Ball 1-1: Ground out 6-3 (Groundball, 6, EV 107.5 MPH)
|
|
Batting: RHB Jim Erdody
|
0-0: Ball 1-0: Ball 2-0: Called Strike 2-1: Reached on error, E5 (Groundball, 56, EV 88.8 MPH)
|
|
Batting: LHB Oscar Curiel
|
0-0: Ball 1-0: Ball 2-0: Ball 3-0: Base on Balls Jim Erdody to second
|
|
Batting: LHB Jonathan Spino
|
0-0: Ball 1-0: Reached on error, E3 (Groundball, 3, EV 98.8 MPH) Jim Erdody to third Oscar Curiel to second
|
|
Batting: SHB Joshua Jackson
|
0-0: Ball 1-0: Ball 2-0: Ball Wild Pitch! Jim Erdody scores Oscar Curiel to third Jonathan Spino to second 3-0: Base on Balls
|
|
Batting: RHB Alex Diaz
|
0-0: Ball 1-0: Called Strike 1-1: Ball 2-1: Swinging Strike 2-2: Strikes out swinging
|
|
Batting: LHB Rich Matthews
|
0-0: Ball 1-0: Ball 2-0: Called Strike 2-1: Ball 3-1: Base on Balls Oscar Curiel scores Jonathan Spino to third Joshua Jackson to second
|
|
Batting: RHB John Downing
|
0-0: Swinging Strike 0-1: Ground out 4-3 (Groundball, 4S, EV 83.8 MPH)
|
| Top of the 4th over - 6 runs, 2 hits, 2 errors, 3 left on base; Princeton 13 - Detroit (APP) 1 |
| BOTTOM OF THE 4TH |
|
Detroit (APP) Tigers batting - Pitching for Princeton Rays : RHP Robin Pick
|
|
Batting: SHB Jean-Luc Legros
|
0-0: Foul Ball, location: 2F 0-1: Ball 1-1: Called Strike 1-2: Foul Ball, location: 2F 1-2: Ball 2-2: Ground out U3 (Groundball, 3, EV 86.9 MPH)
|
|
Batting: RHB Yankel Pensak
|
0-0: Foul Ball, location: 2F 0-1: Ball 1-1: Swinging Strike 1-2: Strikes out swinging
|
|
Batting: LHB Timotheus Young
|
0-0: Ball 1-0: Ball 2-0: Called Strike 2-1: Foul Ball, location: 2F 2-2: Ground out 5-3 (Groundball, 5, EV 81.2 MPH)
|
| Bottom of the 4th over - 0 runs, 0 hits, 0 errors, 0 left on base; Princeton 13 - Detroit (APP) 1 |
| TOP OF THE 5TH |
|
Princeton Rays batting - Pitching for Detroit (APP) Tigers : RHP Yasutaka Yamasaki
|
|
Batting: LHB Sean Banks
|
0-0: Ball 1-0: Ball 2-0: DOUBLE (Groundball, 3L, EV 101.9 MPH)
|
|
Batting: RHB Roberto Aispuro
|
0-0: Called Strike 0-1: Ball 1-1: Ball 2-1: TRIPLE (Line Drive, 89XD, EV 103.1 MPH) Sean Banks scores
|
|
Batting: RHB Jim Erdody
|
0-0: Called Strike 0-1: Ball 1-1: Foul Ball, location: 2F 1-2: Ball 2-2: Ball 3-2: 2-RUN HOME RUN (Flyball, 78XD, EV 99.4 MPH), Distance : 407 ft
|
|
Pitching: RHP Andy Strange
|
|
|
Batting: LHB Oscar Curiel
|
0-0: Ball 1-0: Foul Ball, location: 2F 1-1: Ball 2-1: Ball 3-1: Base on Balls
|
|
Batting: LHB Jonathan Spino
|
0-0: Ball 1-0: Called Strike 1-1: Swinging Strike 1-2: SINGLE (Groundball, 6S, EV 73.1 MPH) (infield hit) Oscar Curiel to second
|
|
Batting: SHB Joshua Jackson
|
0-0: Called Strike 0-1: Called Strike 0-2: Foul Ball, location: 2F 0-2: Ball 1-2: Ball 2-2: Grounds into double play, 4-6-3 (Groundball, 4, EV 83.8 MPH) Oscar Curiel to third
|
|
Batting: RHB Alex Diaz
|
0-0: Called Strike 0-1: Called Strike 0-2: Strikes out swinging
|
| Top of the 5th over - 3 runs, 4 hits, 0 errors, 1 left on base; Princeton 16 - Detroit (APP) 1 |
| BOTTOM OF THE 5TH |
|
Detroit (APP) Tigers batting - Pitching for Princeton Rays : RHP Robin Pick
|
|
Batting: RHB Adam Fisher
|
0-0: Swinging Strike 0-1: Foul Ball, location: 2F 0-2: Ball 1-2: Strikes out swinging
|
|
Batting: LHB Dave Carlisle
|
0-0: Foul Ball, location: 2F 0-1: DOUBLE (Line Drive, 7LM, EV 97.5 MPH)
|
|
Batting: RHB Nate Dabney
|
0-0: Called Strike 0-1: Ball 1-1: Swinging Strike 1-2: Ball 2-2: Ball 3-2: Foul Ball, location: 2F 3-2: Fly out, F7 (Flyball, 7S, EV 86.9 MPH)
|
|
Batting: LHB Afanasy Zasekin
|
0-0: Ball 1-0: Ball 2-0: Ball 3-0: Called Strike 3-1: Foul Ball, location: 2F 3-2: Base on Balls
|
|
Batting: LHB Isao Fukui
|
0-0: Ground out 3-1 (Groundball, 34, EV 102.5 MPH)
|
| Bottom of the 5th over - 0 runs, 1 hit, 0 errors, 2 left on base; Princeton 16 - Detroit (APP) 1 |
| TOP OF THE 6TH |
|
Princeton Rays batting - Pitching for Detroit (APP) Tigers : RHP Andy Strange
|
|
Pitching: RHP Chris Wilkerson
|
|
|
Batting: LHB Rich Matthews
|
0-0: Called Strike 0-1: Ball 1-1: Foul Ball, location: 2F 1-2: Ball 2-2: SOLO HOME RUN (Flyball, 78XD, EV 97.5 MPH), Distance : 396 ft
|
|
Batting: RHB John Downing
|
0-0: Called Strike 0-1: SINGLE (Groundball, 56D, EV 111.2 MPH)
|
|
Batting: LHB Sean Banks
|
0-0: SINGLE (Line Drive, 34D, EV 101.9 MPH) John Downing to second
|
|
Batting: RHB Roberto Aispuro
|
0-0: Called Strike 0-1: Ball 1-1: Foul Ball, location: 2F 1-2: TRIPLE (Flyball, 89XD, EV 108.8 MPH) John Downing scores Sean Banks scores
|
|
Batting: RHB Jim Erdody
|
0-0: Ball 1-0: Ball 2-0: Ground out 6-3 (Groundball, 6, EV 82.5 MPH) Roberto Aispuro scores
|
|
Batting: LHB Oscar Curiel
|
0-0: Foul Ball, location: 2F 0-1: Ball 1-1: Ball 2-1: Foul Ball, location: 2F 2-2: Ball 3-2: Foul Ball, location: 2F 3-2: Hit by Pitch
|
|
Batting: LHB Jonathan Spino
|
0-0: Ball 1-0: Swinging Strike 1-1: 2-RUN HOME RUN (Flyball, 9D, EV 93.8 MPH), Distance : 365 ft
|
|
Batting: SHB Joshua Jackson
|
0-0: SOLO HOME RUN (Flyball, 7D, EV 102.5 MPH), Distance : 376 ft
|
|
Batting: RHB Alex Diaz
|
0-0: Called Strike 0-1: Foul Ball, location: 2F 0-2: Ball 1-2: Foul Ball, location: 2F 1-2: Ball 2-2: SINGLE (Line Drive, 7S, EV 100.6 MPH)
|
|
Batting: LHB Rich Matthews
|
0-0: Ball 1-0: Ball 2-0: Ball 3-0: Base on Balls Alex Diaz to second
|
|
Batting: RHB John Downing
|
0-0: SINGLE (Groundball, 4M, EV 104.4 MPH) (infield hit) Alex Diaz to third Rich Matthews to second
|
|
Batting: LHB Sean Banks
|
0-0: Ball 1-0: Fly out, F8 (Line Drive, 8RM, EV 94.4 MPH)
|
|
Batting: RHB Roberto Aispuro
|
0-0: Ball 1-0: Foul Ball, location: 2F 1-1: Called Strike 1-2: Ball 2-2: Strikes out looking
|
| Top of the 6th over - 7 runs, 8 hits, 0 errors, 3 left on base; Princeton 23 - Detroit (APP) 1 |
| BOTTOM OF THE 6TH |
|
Detroit (APP) Tigers batting - Pitching for Princeton Rays : RHP Robin Pick
|
|
Batting: RHB Juan Acero
|
0-0: Foul Ball, location: 2F 0-1: Foul Ball, location: 2F 0-2: Ball 1-2: Ball 2-2: Foul Ball, location: 2F 2-2: Foul Ball, location: 2F 2-2: Fly out, F7 (Flyball, 7D, EV 103.8 MPH)
|
|
Batting: SHB Jean-Luc Legros
|
0-0: DOUBLE (Line Drive, 9LM, EV 88.1 MPH)
|
|
Batting: RHB Yankel Pensak
|
0-0: Called Strike 0-1: Ball 1-1: Foul Ball, location: 2F 1-2: Strikes out swinging, 2-3 out at first.
|
|
Pitching: RHP Tim Inman
|
|
|
Batting: LHB Timotheus Young
|
0-0: Swinging Strike 0-1: Swinging Strike 0-2: Ball 1-2: Ball 2-2: Strikes out swinging
|
| Bottom of the 6th over - 0 runs, 1 hit, 0 errors, 1 left on base; Princeton 23 - Detroit (APP) 1 |
| TOP OF THE 7TH |
|
Princeton Rays batting - Pitching for Detroit (APP) Tigers : RHP Chris Wilkerson
|
|
Pinch Hitting: LHB Zach Rose
|
0-0: Ball 1-0: Called Strike 1-1: Foul Ball, location: 2F 1-2: Ball 2-2: Foul Ball, location: 2F 2-2: Foul Ball, location: 2F 2-2: Ball 3-2: Base on Balls
|
|
Batting: LHB Oscar Curiel
|
0-0: Called Strike 0-1: Ball 1-1: Ball 2-1: Ball 3-1: Foul Ball, location: 2F 3-2: Base on Balls Zach Rose to second
|
|
Batting: LHB Jonathan Spino
|
0-0: 3-RUN HOME RUN (Flyball, 9D, EV 95.6 MPH), Distance : 363 ft
|
|
Pinch Hitting: LHB Dave Northam
|
0-0: Ball 1-0: Foul Ball, location: 2F 1-1: Foul Ball, location: 2F 1-2: Ground out 5-3 (Groundball, 56S, EV 64.4 MPH)
|
|
Batting: RHB Alex Diaz
|
0-0: Ball 1-0: Ball 2-0: Ball 3-0: Base on Balls
|
|
Batting: LHB Rich Matthews
|
0-0: 2-RUN HOME RUN (Flyball, 7D, EV 95.0 MPH), Distance : 369 ft
|
|
Pinch Hitting: RHB Gabe Higley
|
0-0: Called Strike 0-1: Fly out, F9 (Flyball, 9LS, EV 93.8 MPH)
|
|
Batting: LHB Sean Banks
|
0-0: Ground out U3 (Groundball, 3, EV 90.6 MPH)
|
| Top of the 7th over - 5 runs, 2 hits, 0 errors, 0 left on base; Princeton 28 - Detroit (APP) 1 |
| BOTTOM OF THE 7TH |
|
Detroit (APP) Tigers batting - Pitching for Princeton Rays : RHP Tim Inman
|
|
Now at 2B: Dave Northam
|
|
|
Now at 3B: Zach Rose
|
|
|
Now at SS: Gabe Higley
|
|
|
Batting: RHB Adam Fisher
|
0-0: Ball 1-0: Called Strike 1-1: Ground out U3 (Groundball, 34S, EV 78.1 MPH)
|
|
Batting: LHB Dave Carlisle
|
0-0: Called Strike 0-1: Swinging Strike 0-2: Ball 1-2: Strikes out looking
|
|
Batting: RHB Nate Dabney
|
0-0: Ball 1-0: Ground out 5-3 (Groundball, 56, EV 101.2 MPH)
|
| Bottom of the 7th over - 0 runs, 0 hits, 0 errors, 0 left on base; Princeton 28 - Detroit (APP) 1 |
| TOP OF THE 8TH |
|
Princeton Rays batting - Pitching for Detroit (APP) Tigers : RHP Chris Wilkerson
|
|
Batting: RHB Roberto Aispuro
|
0-0: Ground out 5-3 (Groundball, 56S, EV 84.4 MPH)
|
|
Batting: LHB Zach Rose
|
0-0: SINGLE (Line Drive, 5D, EV 103.8 MPH)
|
|
Batting: LHB Oscar Curiel
|
0-0: Foul Ball, location: 2F 0-1: Foul Ball, location: 2F 0-2: Ball 1-2: Fly out, F8 (Line Drive, 8LD, EV 100.6 MPH)
|
|
Batting: LHB Jonathan Spino
|
0-0: Ball 1-0: Ground out 4-3 (Groundball, 4, EV 106.2 MPH)
|
| Top of the 8th over - 0 runs, 1 hit, 0 errors, 1 left on base; Princeton 28 - Detroit (APP) 1 |
| BOTTOM OF THE 8TH |
|
Detroit (APP) Tigers batting - Pitching for Princeton Rays : RHP Tim Inman
|
|
Batting: LHB Afanasy Zasekin
|
0-0: Called Strike 0-1: Ball 1-1: Foul Ball, location: 2F 1-2: Ball 2-2: Foul Ball, location: 2F 2-2: Strikes out looking
|
|
Batting: LHB Isao Fukui
|
0-0: Ball 1-0: Ball 2-0: Called Strike 2-1: Ball 3-1: Ground out 3-1 (Groundball, 34, EV 81.9 MPH)
|
|
Batting: RHB Juan Acero
|
0-0: Swinging Strike 0-1: Foul Ball, location: 2F 0-2: Ball 1-2: Ball 2-2: Foul Ball, location: 2F 2-2: Ground out 6-3 (Groundball, 6, EV 91.9 MPH)
|
| Bottom of the 8th over - 0 runs, 0 hits, 0 errors, 0 left on base; Princeton 28 - Detroit (APP) 1 |
| TOP OF THE 9TH |
|
Princeton Rays batting - Pitching for Detroit (APP) Tigers : RHP Chris Wilkerson
|
|
Batting: LHB Dave Northam
|
0-0: Ball 1-0: Ball 2-0: Fly out, F8 (Flyball, 8LM, EV 78.1 MPH)
|
|
Batting: RHB Alex Diaz
|
0-0: Called Strike 0-1: Swinging Strike 0-2: Ground out 6-3 (Groundball, 6M, EV 83.8 MPH)
|
|
Batting: LHB Rich Matthews
|
0-0: Fly out, F8 (Flyball, 8RXD, EV 98.1 MPH)
|
| Top of the 9th over - 0 runs, 0 hits, 0 errors, 0 left on base; Princeton 28 - Detroit (APP) 1 |
| BOTTOM OF THE 9TH |
|
Detroit (APP) Tigers batting - Pitching for Princeton Rays : RHP Tim Inman
|
|
Batting: SHB Jean-Luc Legros
|
0-0: Ball 1-0: Foul Ball, location: 2F 1-1: Fly out, F7 (Flyball, 7, EV 77.5 MPH)
|
|
Batting: RHB Yankel Pensak
|
0-0: Ground out 6-3 (Groundball, 6, EV 80.0 MPH)
|
|
Batting: LHB Timotheus Young
|
0-0: Ball 1-0: SINGLE (Groundball, 34, EV 95.6 MPH)
|
|
Batting: RHB Adam Fisher
|
0-0: Ball 1-0: Ball 2-0: Ball 3-0: Called Strike 3-1: Foul Ball, location: 2F 3-2: Foul Ball, location: 2F 3-2: Strikes out looking
|
| Bottom of the 9th over - 0 runs, 1 hit, 0 errors, 1 left on base; Princeton 28 - Detroit (APP) 1 |
|